Map: Interloper LE

Players

GuMiho - Winner!

  • Race: Terran Terran
  • Spawn Location: 5:00

soO

  • Race: Zerg Zerg
  • Spawn Location: 11:00

Event: 2017 WCS Global Finals

VOD

Have the link to the VOD?

Description

Time

  • Played on: Nov. 3, 2017, 5:10 p.m.
  • Length: 13:21

All games in this series

Show
View Real Time Build Order
Export as new Build Order

GuMiho Terran - Winner!

Build Orders: Reaper Expand, MMM Bio 

Get SALT Encoding   

  12  0:00  SCV  
  13  0:12  SCV  
  14  0:17  Supply Depot  
  14  0:24  SCV  
  15  0:38  SCV  
  15  0:40  Barracks  
  16  0:44  Refinery  
  16  0:50  SCV  
  17  1:03  SCV  
  18  1:15  SCV  
  19  1:29  Reaper, Orbital Command  
  20  1:40  Command Center  
  20  1:48  Supply Depot  
  20  1:55  SCV  
  20  2:01  Marine  
  21  2:04  Factory  
  21  2:07  SCV  
  23  2:12  Refinery  
  23  2:19  SCV  
  23  2:20  Barracks Reactor  
  24  2:31  SCV  
  25  2:43  SCV  
  26  2:48  Starport  
  26  2:53  Orbital Command  
  26  2:56  SCV  
  27  3:02  Hellion x2  
  31  3:08  SCV  
  31  3:09  Barracks Tech Lab  
  33  3:20  SCV x2  
  33  3:23  Hellion  
  33  3:24  Hellion  
  38  3:32  SCV x2  
  38  3:33  Raven  
  42  3:35  Barracks Tech Lab  
  42  3:43  Command Center  
  42  3:46  SCV  
  42  3:47  SCV  
  44  3:52  Supply Depot  
  44  3:57  Stimpack  
  44  3:58  SCV  
  44  3:59  SCV  
  44  4:02  Supply Depot  
  46  4:05  Barracks  
  46  4:13  SCV x2  
  46  4:15  Barracks  
  48  4:17  Factory Reactor  
  48  4:22  Marine  
  49  4:25  SCV x2  
  51  4:37  SCV x2  
  52  4:39  Engineering Bay, Marine  
  52  4:42  Engineering Bay, Starport Reactor  
  53  4:46  Bunker x2  
  53  4:49  SCV  
  53  4:50  SCV  
  54  4:57  Marine x3  
  54  4:59  Siege Tank  
  60  5:01  SCV  
  60  5:02  Orbital Command, SCV  
  62  5:07  Terran Infantry Weapons Level 1  
  62  5:09  Marine  
  63  5:15  Marine x3  
  63  5:19  SCV x2  
  68  5:23  Orbital Command  
  68  5:26  Marine  
  69  5:28  Supply Depot  
  69  5:31  Medivac  
  69  5:33  Medivac, Marine  
  74  5:47  Marine  
  74  5:49  Marine  
  67  5:51  Marine x2  
  58  6:00  Siege Tank  
  61  6:05  Combat Shields, Marine  
  61  6:08  Marine x2  
  61  6:09  Marine  
  53  6:23  Marine  
  47  6:26  Marine x2  
  47  6:27  Marine  
  47  6:29  SCV x2  
  47  6:32  SCV  
  51  6:41  Marine  
  51  6:44  Marine x3  
  41  6:56  Siege Tank  
  41  6:59  SCV, Marine  
  44  7:01  Marine  
  44  7:02  Marine x2  
  43  7:09  Medivac  
  45  7:16  Marine  
  45  7:19  Medivac, Marine  
  45  7:20  Marine x2  
  51  7:26  SCV x2  
  51  7:27  SCV  
  54  7:32  Siege Tank  
  54  7:34  Marine  
  58  7:38  Marine  
  58  7:39  Marine  
  58  7:40  Marine  
  61  7:46  SCV  
  61  7:49  SCV x2  
  64  7:52  Marine  
  64  7:56  Medivac, Marine  
  64  7:58  SCV, Barracks Reactor, Marine  
  68  8:01  SCV x2  
  68  8:04  Supply Depot  
  72  8:10  Marine  
  72  8:11  SCV  
  74  8:13  SCV x2  
  74  8:14  Marine  
  74  8:16  Marine  
  78  8:21  Siege Tank  
  79  8:28  Marine  
  79  8:32  Marine  
  81  8:34  Marine x3  
  81  8:39  SCV x3  
  87  8:46  Marine  
  81  8:49  Marine  
  81  8:52  Marine x3  
  84  8:58  Siege Tank  
  84  9:01  Medivac  
  89  9:03  Marine  
  89  9:07  Marine  
  89  9:08  SCV x3  
  93  9:11  Marine  
  93  9:12  Supply Depot  
  93  9:13  Marine  
  93  9:14  Marine  
  85  9:20  SCV  
  85  9:21  Marine  
  85  9:22  Liberator  
  82  9:25  Marine  
  82  9:29  Marine  
  82  9:30  Marine  
  85  9:31  Refinery x2  
  85  9:32  Marine  
  85  9:37  Barracks  
  85  9:38  Barracks  
  86  9:39  Marine  
  86  9:42  Supply Depot, SCV  
  86  9:43  Marine  
  92  9:47  Marine  
  92  9:48  Armory, Marine  
  92  9:49  Marine  
  95  9:57  Marine  
  96  10:01  Marine  
  96  10:05  Marine  
  96  10:06  Marine  
  99  10:07  Marine  
  100  10:15  Marine  
  100  10:18  Marine  
  101  10:21  Orbital Command  
  101  10:24  Marauder, Marine  
  101  10:25  Marine  
  101  10:27  SCV x2  
  108  10:32  Marine  
  109  10:37  Marine  
  109  10:38  Barracks Reactor x2  
  109  10:39  SCV  
  109  10:41  Supply Depot x2  
  109  10:42  Supply Depot  
  109  10:54  Terran Infantry Weapons Level 2  
  109  10:58  Engineering Bay  
  109  11:02  SCV x2  
  111  11:05  Marine  
  111  11:06  Marine x4  
  111  11:09  SCV  
  117  11:14  SCV x2  
  117  11:18  Marine x3  
  120  11:21  Marine  
  120  11:23  Marine x2  
  120  11:24  Marauder  
  122  11:27  Medivac x2  
  122  11:28  Siege Tank  
  129  11:38  Marine  
  129  11:39  Marine x5  
  131  11:46  Marauder  
  125  11:47  Marine x2  
  125  11:53  Supply Depot x2  
  123  11:54  Supply Depot  
  123  11:56  Marine x3  
  123  11:57  Liberator x2, Bunker  
  123  11:59  Marine  
  123  12:00  Siege Tank, Marine x2  
  132  12:05  Marine  
  133  12:14  Concussive Shells  
  133  12:15  Marauder, Supply Depot  
  141  12:22  Marine x6  
  147  12:36  Marauder  
  149  12:37  Siege Tank, Marine x2  
  154  12:52  Marine x2  
  154  12:58  Marauder  
  163  13:00  Marine x2  
  165  13:06  Supply Depot  
  165  13:07  Supply Depot  
  165  13:08  Supply Depot  
Show
View Real Time Build Order
Export as new Build Order

soO Zerg 

Build Orders: Pool First 

Get SALT Encoding   

  12  0:00  Drone  
  13  0:12  Overlord  
  13  0:17  Drone  
  14  0:30  Drone x2  
  14  0:34  Drone  
  17  0:44  Spawning Pool  
  17  0:48  Drone  
  17  1:08  Hatchery  
  17  1:11  Drone  
  17  1:14  Drone  
  17  1:18  Drone  
  19  1:24  Extractor  
  18  1:31  Queen, Zergling x2  
  21  1:40  Overlord  
  21  1:54  Drone  
  22  2:04  Drone  
  22  2:07  Queen  
  25  2:11  Drone  
  26  2:22  Drone x2  
  28  2:24  Queen  
  29  2:33  Drone x2, Metabolic Boost  
  31  2:38  Overlord  
  31  2:39  Drone  
  31  2:42  Drone  
  31  2:43  Drone  
  34  2:50  Drone  
  35  2:52  Drone  
  36  2:59  Drone  
  36  3:04  Zergling x2  
  38  3:07  Drone  
  38  3:12  Overlord, Drone x2  
  41  3:24  Hatchery  
  41  3:25  Roach Warren  
  41  3:26  Drone x2  
  41  3:31  Drone  
  41  3:32  Drone  
  41  3:33  Drone  
  44  3:35  Zergling x2  
  44  3:38  Drone  
  44  3:41  Extractor  
  45  3:43  Overlord  
  45  3:47  Zergling x4  
  45  3:48  Overlord  
  47  3:54  Overlord  
  47  4:01  Overlord  
  47  4:07  Roach x4  
  55  4:12  Roach  
  55  4:16  Roach  
  59  4:22  Roach x3  
  65  4:26  Overlord  
  65  4:36  Roach  
  66  4:44  Roach x4  
  74  4:51  Zergling x2  
  74  4:52  Zergling x10  
  79  5:00  Ravager  
  79  5:01  Ravager  
  79  5:05  Ravager  
  79  5:06  Zergling x8  
  86  5:20  Ravager  
  87  5:26  Zergling x6  
  90  5:31  Ravager  
  90  5:33  Zergling x2  
  90  5:34  Zergling x10  
  96  5:46  Roach  
  96  5:47  Roach x2  
  96  5:48  Zergling x2  
  96  5:49  Zergling x6  
  96  5:51  Zergling x2  
  96  5:54  Zergling x6  
  92  6:00  Ravager  
  92  6:03  Extractor, Zergling x4  
  92  6:04  Zergling x6  
  97  6:05  Overlord  
  97  6:06  Overlord  
  97  6:09  Overlord  
  97  6:15  Roach  
  97  6:17  Roach  
  94  6:18  Roach  
  94  6:21  Roach  
  94  6:22  Roach  
  90  6:30  Roach x2  
  90  6:31  Drone x3  
  87  6:36  Drone x6  
  87  6:37  Drone  
  94  6:43  Drone  
  88  6:51  Drone x3  
  86  6:55  Zergling x2  
  86  6:57  Drone x2  
  86  6:59  Drone  
  86  7:00  Drone x2  
  89  7:01  Drone x2  
  89  7:02  Drone  
  89  7:07  Drone  
  80  7:13  Lair, Drone x2  
  82  7:17  Drone  
  82  7:19  Ravager  
  82  7:20  Ravager x2  
  82  7:21  Zergling x2  
  87  7:23  Extractor  
  87  7:25  Extractor  
  87  7:26  Evolution Chamber, Zergling x2  
  87  7:27  Zergling x6  
  87  7:28  Evolution Chamber, Ravager x2, Overlord  
  89  7:32  Drone x2  
  89  7:33  Hatchery  
  89  7:36  Zergling x6  
  92  7:50  Drone x5  
  97  7:53  Overlord  
  97  7:57  Zerg Melee Weapons Level 1  
  97  7:58  Drone x4  
  101  8:01  Drone  
  101  8:02  Drone  
  101  8:03  Queen  
  101  8:05  Overlord  
  105  8:09  Baneling Nest  
  104  8:18  Zergling x16  
  106  8:30  Zergling x12  
  110  8:39  Queen  
  105  8:44  Zergling x6  
  105  8:47  Roach x3  
  106  8:48  Roach  
  106  8:49  Roach  
  106  8:50  Roach  
  107  8:56  Roach  
  107  8:57  Roach  
  107  9:00  Roach, Zergling x2  
  107  9:01  Roach, Zergling x8  
  115  9:07  Ravager x2  
  117  9:16  Roach, Zergling x4  
  109  9:24  Zergling x2  
  102  9:29  Overseer  
  96  9:32  Drone x2  
  96  9:33  Roach x3  
  96  9:37  Hatchery  
  103  9:44  Centrifical Hooks  
  103  9:47  Overseer  
  103  9:50  Hydralisk Den, Drone  
  103  9:51  Drone x2  
  105  9:54  Glial Reconstitution  
  105  9:58  Drone x3  
  108  10:01  Drone x2  
  110  10:13  Hatchery  
  109  10:15  Roach  
  109  10:16  Roach, Overlord x2  
  109  10:17  Overlord  
  109  10:19  Overlord  
  109  10:20  Overlord  
  106  10:22  Drone  
  102  10:31  Muscular Augments  
  101  10:39  Hydralisk x2  
  104  10:47  Hydralisk x2  
  108  10:56  Hydralisk x3  
  102  11:21  Hydralisk x3, Hatchery  
  102  11:24  Zergling x2  
  106  11:25  Zergling x2  
  106  11:29  Zergling x4  
  108  11:37  Drone  
  108  11:38  Drone x3  
  105  12:01  Drone x3  
  105  12:02  Drone x4  
  105  12:05  Zergling x8  
  105  12:07  Overseer  
  116  12:16  Zergling x2  
  116  12:17  Zergling x4  
  115  12:24  Drone x3  
  118  12:33  Drone x2  
  118  12:34  Zergling x12  
  126  12:37  Baneling  
  126  12:38  Baneling x6  
  126  12:41  Hydralisk  
  126  12:42  Zergling x2  
  129  12:51  Zergling x4  
  129  12:52  Zergling x8  
  129  12:57  Baneling x5  
Tags
 
Add a new tag
Caveats
  • Supply blocks, unpowered buildings, or Contaminate may cause inaccurate times.
  • Supply counts are checked every 10 seconds.